 Dungeon Crawl Stone Soup version 0.31-a0-851-g7ff8af7976 (webtiles) character file.

Game seed: 6877477657807430151

41 BritishOli the Trooper (level 3, -1/29 HPs)
             Began as a Demonspawn Fighter on Oct 6, 2023.
             Killed from afar by Robin (5 damage)
             ... with a puff of flame
             ... on level 2 of the Dungeon.
             The game lasted 00:00:52 (636 turns).

BritishOli the Trooper (Demonspawn Fighter)          Turns: 636, Time: 00:00:53

Health: -1/29      AC:  7    Str: 18    XL:     3   Next: 32%
Magic:  3/3        EV:  9    Int:  9    God:
Gold:   30         SH:  5    Dex: 14    Spells: 2/2 levels left

rFire   . . .        a - +0 war axe
rCold   . . .        c - +0 buckler
rNeg    . . .        b - +0 scale mail
rPois   .            (no helmet)
rElec   .            h - +0 cloak
rCorr   .            (no gloves)
SInv    .            (no boots)
Will    .....        (no amulet)
Stlth   +            (no ring)
HPRegen 0.24/turn    (no ring)
MPRegen 0.08/turn

%: no passive effects
@: no status effects
A: thin skeletal structure 1
a: no special abilities


You were on level 2 of the Dungeon.
You visited 1 branch of the dungeon, and saw 2 of its levels.

You collected 30 gold pieces.

Inventory:

Hand Weapons
 a - a +0 war axe (weapon)
Armour
 b - a +0 scale mail (worn)
 c - a +0 buckler (worn)
 h - a +0 cloak (worn)
Scrolls
 e - a scroll of poison {unknown}
 f - 2 scrolls of brand weapon {unknown}
 g - 2 scrolls of teleportation {unknown}
 i - a scroll of identify {unknown}
Potions
 d - a potion of might
 j - a potion of curing {unknown}


   Skills:
 + Level 3.4 Fighting
 + Level 2.3 Axes
 + Level 3.1 Armour
 - Level 3.0 Shields


You had 2 spell levels left.
You didn't know any spells.
Your spell library was empty.

Dungeon Overview and Level Annotations

Branches:
Dungeon (2/15)

Altars:

Annotations:
D:2 Robin


Innate Abilities, Weirdness & Mutations

You have a somewhat thin skeletal structure. (Dex +2, Stealth+)


Message History

You block the hobgoblin's attack.
A goblin comes into view. It is wielding a +0 club.
The hobgoblin moves out of view.
There are monsters nearby!
You barely miss the hobgoblin.
The hobgoblin is moderately wounded.
The hobgoblin barely misses you.
There are monsters nearby!
You hit the hobgoblin.
You kill the hobgoblin!
You barely miss Robin. You slash Robin!
Robin is severely wounded.
Robin zaps a wand.
The puff of flame hits you. The hobgoblin hits you. You block Robin's attack.
You closely miss Robin.
Robin is severely wounded.
You closely miss the hobgoblin.
The hobgoblin hits you but does no damage.
Robin hits you with a +3 vampiric whip. Robin draws strength from your wounds!
There are monsters nearby!
You barely miss Robin.
Robin is moderately wounded.
You slash the hobgoblin!
You kill the hobgoblin!
Robin zaps a wand.
You block the puff of flame.
Robin zaps a wand.
The puff of flame hits you!
* * * LOW HITPOINT WARNING * * *
The goblin barely misses you.
You aren't carrying any items that you can evoke.
Unknown command.
You closely miss Robin.
Robin is moderately wounded.
You block Robin's attack.
You barely miss Robin.
Robin is moderately wounded.
The goblin no longer looks unusually strong.
Robin zaps a wand.
The puff of flame hits you.
You die...
Robin lets out a smug laugh.

###
#<#
#.#
#.#
#.#
#.#
#@#
#g#


.g.gg.gg# ..####### You could see Robin and 2 goblins.

Vanquished Creatures
  4 ball pythons (D:1)
  An endoplasm (D:1)
  A giant cockroach (D:1)
  3 goblins
  8 hobgoblins
  2 jackals (D:1)
  4 quokkas (D:1)
  A bat (D:1)
  4 frilled lizards (D:1)
  5 kobolds (D:1)
  3 rats (D:1)
36 creatures vanquished.

Notes
Turn   | Place    | Note
-------+----------+-------------------------------------------
     0 | D:1      | BritishOli the Demonspawn Fighter began the quest for the
                  | Orb.
     0 | D:1      | Reached XP level 1. HP: 18/18 MP: 1/1
   118 | D:1      | Gained mutation: You have a somewhat thin skeletal
                  | structure. (Dex +2, Stealth+) [demonic ancestry]
   118 | D:1      | Reached XP level 2. HP: 24/24 MP: 2/2
   302 | D:1      | Reached XP level 3. HP: 28/29 MP: 3/3
   624 | D:2      | Noticed Robin
   636 | D:2      | Killed from afar by Robin

Illustrated notes

Levels and vault maps discovered:
D:1:      dpeg_arrival_round_c, layout_rooms, chequers_serial_rivers_marsh,
          amcnicky_mini_rare_corridor_liquid
D:2:      layout_basic, serial_shops, nicolae_book_shop_shelving,
          nicolae_concentric_dashed_squares_mild,
          chequers_serial_rivers_large_b, uniq_sigmund, uniq_robin

Skill      XL: |  1  2 |
---------------+-------+-----
Axes           | 2 |  2.3
Armour         | 3 |  3.1
Shields        | 3 |  3.0
Fighting       | |  3.4

Action                     || total
---------------------------++-------
  Melee: War axe           ||    81
 Armour: Scale mail        ||    68
  Dodge: Dodged            ||    44
  Block: Buckler           ||    26

Table legend: (Time is in decaauts)
 A = Elapsed time spent in this place.
 B = Non-inter-level travel time spent in this place.
 C = Inter-level travel time spent in this place.
 D = Time resting spent in this place.
 E = Time spent auto-exploring this place.
 F = Levels seen in this place.
 G = Mean time per level.
                   A        B        C        D        E       F      G
               +--------+--------+--------+--------+--------+-----+--------+
         Total |    676 |    659 |     17 |      0 |    456 |   2 |  338.0 |
       Dungeon |    676 |    659 |     17 |      0 |    456 |   2 |  338.0 |
               +--------+--------+--------+--------+--------+-----+--------+

Top non-repeatable levels by time:
     D:1: 653 daAuts
     D:2: 23 daAuts
